[ AOE2 MATCH · #463515994 ]
UnrankedKhmer vs Mongols
[ REPLAY ANALYSIS · EXTRACTED FROM THE RECORDED GAME ]
Feudal
11:56
Castle
19:04
Imperial
45:36
| APM avg | 25.8 |
| APM peak | 53 |
| eAPM avg | 15.4 |
| Villagers / military | 166 / 96 |
Focus
⚔️ 28.7% · 🌾 71.3%
Scorpion ×54 · Ballista Elephant ×24 · Spearman ×7 · Battle Elephant ×7 · Trade Cart ×5 · Skirmisher ×4
Feudal
8:51
Castle
24:28
Imperial
—
| APM avg | 26.3 |
| APM peak | 59 |
| eAPM avg | 17.5 |
| Villagers / military | 100 / 98 |
Focus
⚔️ 34.9% · 🌾 65.1%
Skirmisher ×28 · Scout Cavalry ×13 · Mangudai ×10 · Spearman ×10 · Camel Scout ×9 · Mangonel ×8
Feudal
9:41
Castle
20:59
Imperial
37:02
| APM avg | 26.1 |
| APM peak | 69 |
| eAPM avg | 14.6 |
| Villagers / military | 119 / 160 |
Focus
⚔️ 28.8% · 🌾 71.2%
Archer ×133 · Skirmisher ×13 · Trebuchet (Packed) ×7 · Militia ×3 · Monk ×2 · Spearman ×2
Feudal
8:47
Castle
23:17
Imperial
39:07
| APM avg | 29.8 |
| APM peak | 64 |
| eAPM avg | 14.9 |
| Villagers / military | 146 / 239 |
Focus
⚔️ 38.6% · 🌾 61.4%
Spearman ×132 · Archer ×96 · Trebuchet (Packed) ×11
Feudal
9:25
Castle
14:58
Imperial
36:42
| APM avg | 26.9 |
| APM peak | 67 |
| eAPM avg | 15.7 |
| Villagers / military | 146 / 371 |
Focus
⚔️ 35.7% · 🌾 64.3%
Scout Cavalry ×241 · Camel Scout ×120 · Scorpion ×4 · Trebuchet (Packed) ×3 · Spearman ×2 · Monk ×1
Feudal
9:49
Castle
22:56
Imperial
36:52
| APM avg | 18.4 |
| APM peak | 43 |
| eAPM avg | 10.2 |
| Villagers / military | 137 / 156 |
Focus
⚔️ 29.7% · 🌾 70.3%
Knight ×129 · Spearman ×20 · Scout Cavalry ×4 · Monk ×3
Match map
Initial resources + every placement click. Lines = walls · curves = elevation contours. ◆ gold · ⬟ stone · ● berries · ✦ relic · ◌ wall gap
Your base· Open — unwalled flank
For Ged's eyes only's base· Open — 4t gap
C4jk's base· Open — 1t gap
ThePiper's base· Open — unwalled flank
[FPMD]-TheShimanski's base· Open — unwalled flank
Hinbin's base· Open — unwalled flank
Smoothed initial terrain · ◌ = detected wall gap · hover for details
Inputs per minute
— DaveLister - - For Ged's eyes only
Build order — DaveLister
First 150 of 284 actions detected
| 0:02 | Build | House |
| 0:04 | Build | House |
| 0:04 | Create | Villager (Male) |
| 0:04 | Create | Villager (Male) |
| 0:05 | Create | Villager (Male) |
| 0:30 | Create | Villager (Male) |
| 1:39 | Create | Villager (Male) |
| 1:55 | Build | Lumber Camp |
| 2:00 | Create | Villager (Male) |
| 2:39 | Create | Villager (Male) |
| 3:10 | Create | Villager (Male) |
| 3:47 | Build | Mill |
| 3:50 | Create | Villager (Male) |
| 4:05 | Create | Villager (Male) |
| 4:30 | Create | Villager (Male) |
| 4:54 | Create | Villager (Male) |
| 5:08 | Build | House |
| 5:12 | Build | House |
| 6:02 | Build | Mining Camp |
| 6:13 | Build | House |
| 6:18 | Build | Palisade Wall |
| 6:51 | Create | Villager (Male) |
| 6:51 | Create | Villager (Male) |
| 6:52 | Create | Villager (Male) |
| 7:05 | Create | Villager (Male) |
| 7:06 | Create | Villager (Male) |
| 7:55 | Build | Palisade Wall |
| 8:16 | Create | Villager (Male) |
| 8:16 | Create | Villager (Male) |
| 8:38 | Build | House |
| 8:41 | Create | Villager (Male) |
| 8:46 | Research | Loom |
| 9:05 | Create | Villager (Male) |
| 9:32 | Research | Feudal Age |
| 10:15 | Build | Farm |
| 10:43 | Create | Villager (Male) |
| 10:43 | Create | Villager (Male) |
| 11:03 | Build | Barracks |
| 11:14 | Build | Palisade Wall |
| 11:20 | Build | House |
| 11:32 | Build | Palisade Wall |
| 11:56 | Age | Feudal Age |
| 11:59 | Build | Palisade Wall |
| 12:34 | Build | Farm |
| 12:36 | Build | Farm |
| 12:38 | Build | Farm |
| 12:44 | Build | Mining Camp |
| 12:57 | Build | Farm |
| 13:04 | Create | Villager (Male) |
| 13:28 | Create | Spearman |
| 13:43 | Create | Villager (Male) |
| 13:49 | Build | Farm |
| 13:54 | Build | Farm |
| 13:59 | Build | Farm |
| 14:18 | Create | Villager (Male) |
| 14:44 | Build | Palisade Wall |
| 14:58 | Build | Archery Range |
| 15:28 | Build | Archery Range |
| 15:46 | Create | Spearman |
| 15:47 | Create | Spearman |
| 16:20 | Create | Villager (Male) |
| 16:20 | Create | Villager (Male) |
| 16:24 | Research | Castle Age |
| 16:42 | Create | Skirmisher |
| 16:42 | Create | Skirmisher |
| 16:42 | Create | Skirmisher |
| 17:40 | Build | Palisade Wall |
| 17:47 | Build | Farm |
| 18:15 | Research | Stone Mining |
| 18:17 | Create | Villager (Male) |
| 18:17 | Create | Villager (Male) |
| 18:40 | Create | Spearman |
| 18:40 | Create | Spearman |
| 18:53 | Create | Skirmisher |
| 19:04 | Age | Castle Age |
| 19:16 | Research | Double-Bit Axe |
| 19:41 | Create | Villager (Male) ×2 |
| 20:03 | Build | Stable |
| 20:44 | Create | Villager (Male) |
| 20:44 | Create | Villager (Male) |
| 21:10 | Build | Castle |
| 21:29 | Create | Spearman |
| 21:30 | Create | Spearman |
| 22:09 | Build | Mining Camp |
| 22:42 | Create | Villager (Male) ×4 |
| 22:59 | Build | Farm |
| 23:01 | Build | Farm |
| 23:11 | Create | Villager (Male) |
| 23:35 | Build | Farm |
| 23:59 | Build | Farm |
| 24:27 | Research | Bow Saw |
| 24:45 | Create | Villager (Male) |
| 24:45 | Create | Villager (Male) |
| 25:00 | Create | Villager (Male) ×5 |
| 25:45 | Research | Horse Collar |
| 25:49 | Research | Bow Saw |
| 26:13 | Build | Town Center |
| 26:25 | Create | Ballista Elephant |
| 27:05 | Build | Stable |
| 27:15 | Build | Farm |
| 27:20 | Create | Ballista Elephant |
| 27:49 | Create | Villager (Male) |
| 27:49 | Create | Villager (Male) |
| 27:59 | Build | Town Center |
| 28:10 | Build | Town Center |
| 28:15 | Create | Villager (Male) ×3 |
| 28:34 | Create | Villager (Male) |
| 28:44 | Build | Farm |
| 28:47 | Build | Farm |
| 28:58 | Create | Villager (Male) ×2 |
| 29:39 | Build | Farm |
| 29:41 | Build | Farm |
| 29:42 | Build | Farm |
| 29:45 | Build | Farm |
| 29:52 | Build | Farm |
| 29:52 | Build | Farm |
| 30:05 | Research | Bloodlines |
| 30:09 | Research | Husbandry |
| 30:13 | Build | Farm |
| 30:19 | Build | Farm |
| 30:23 | Build | Farm |
| 30:23 | Build | Farm |
| 30:31 | Create | Ballista Elephant ×2 |
| 30:40 | Create | Villager (Male) |
| 31:16 | Create | Villager (Male) ×5 |
| 31:18 | Create | Villager (Male) |
| 31:21 | Build | Farm |
| 31:42 | Create | Ballista Elephant ×2 |
| 31:55 | Build | Farm |
| 32:01 | Build | Farm |
| 32:01 | Build | Farm |
| 32:09 | Build | Farm |
| 32:13 | Research | Gold Mining |
| 32:16 | Build | Farm |
| 32:18 | Create | Villager (Male) ×3 |
| 32:34 | Create | Villager (Male) ×4 |
| 33:15 | Build | House |
| 33:15 | Build | House |
| 33:16 | Build | House |
| 33:17 | Build | House |
| 33:28 | Research | Wheelbarrow |
| 33:31 | Research | Town Watch |
| 33:33 | Create | Villager (Male) ×5 |
| 33:42 | Create | Ballista Elephant ×2 |
| 34:11 | Build | House |
| 34:12 | Build | House |
| 34:13 | Build | House |
| 34:14 | Build | House |
| 34:18 | Build | House |
| 34:19 | Build | House |
Build order — For Ged's eyes only
First 150 of 314 actions detected
| 0:05 | Create | Villager (Male) |
| 0:05 | Create | Villager (Male) |
| 0:05 | Create | Villager (Male) |
| 0:06 | Build | House |
| 0:08 | Build | House |
| 0:35 | Create | Villager (Male) |
| 1:31 | Create | Villager (Male) |
| 1:31 | Create | Villager (Male) |
| 1:52 | Build | Lumber Camp |
| 1:53 | Create | Villager (Male) |
| 2:27 | Create | Villager (Male) |
| 3:00 | Create | Villager (Male) |
| 3:17 | Create | Villager (Male) |
| 3:17 | Create | Villager (Male) |
| 4:06 | Create | Villager (Male) |
| 4:06 | Create | Villager (Male) |
| 4:07 | Create | Villager (Male) |
| 4:07 | Create | Villager (Male) |
| 4:08 | Build | Mill |
| 4:15 | Create | Villager (Male) |
| 4:55 | Create | Villager (Male) |
| 5:00 | Build | House |
| 6:19 | Create | Villager (Male) |
| 6:26 | Build | House |
| 6:39 | Research | Feudal Age |
| 6:46 | Research | Loom |
| 7:49 | Build | House |
| 8:03 | Build | House |
| 8:22 | Build | Barracks |
| 8:51 | Age | Feudal Age |
| 9:13 | Create | Villager (Male) |
| 9:13 | Create | Villager (Male) |
| 9:24 | Build | Stable |
| 9:27 | Create | Spearman |
| 9:32 | Create | Villager (Male) |
| 9:37 | Create | Villager (Male) |
| 9:51 | Build | Farm |
| 10:05 | Create | Scout Cavalry |
| 10:14 | Create | Scout Cavalry |
| 10:55 | Create | Scout Cavalry |
| 11:00 | Build | Farm |
| 11:04 | Create | Villager (Male) |
| 11:05 | Create | Villager (Male) |
| 11:12 | Build | Farm |
| 11:14 | Build | Farm |
| 11:58 | Build | Archery Range |
| 12:05 | Create | Scout Cavalry |
| 12:06 | Create | Scout Cavalry |
| 12:08 | Create | Villager (Male) |
| 12:18 | Create | Villager (Male) |
| 12:33 | Build | House |
| 12:34 | Build | House |
| 12:45 | Create | Scout Cavalry |
| 13:00 | Research | Double-Bit Axe |
| 13:21 | Create | Scout Cavalry |
| 14:01 | Build | Farm |
| 14:02 | Create | Villager (Male) |
| 14:02 | Create | Villager (Male) |
| 14:17 | Create | Skirmisher |
| 14:20 | Create | Archer |
| 14:32 | Build | Lumber Camp |
| 14:32 | Create | Villager (Male) |
| 14:39 | Create | Scout Cavalry |
| 14:40 | Create | Scout Cavalry |
| 15:19 | Build | Blacksmith |
| 15:28 | Create | Villager (Male) |
| 15:28 | Create | Villager (Male) |
| 15:31 | Create | Scout Cavalry |
| 15:50 | Create | Scout Cavalry |
| 16:10 | Build | House |
| 16:13 | Build | House |
| 16:21 | Build | Farm |
| 16:21 | Build | Farm |
| 16:22 | Build | Farm |
| 16:22 | Build | Farm |
| 16:23 | Create | Villager (Male) |
| 16:23 | Create | Villager (Male) |
| 16:42 | Research | Scale Barding Armor |
| 17:12 | Build | Mining Camp |
| 17:26 | Research | Forging |
| 17:39 | Create | Villager (Male) |
| 17:39 | Create | Villager (Male) |
| 18:02 | Create | Villager (Male) |
| 18:07 | Build | Farm |
| 18:11 | Build | Farm |
| 18:16 | Build | Farm |
| 18:16 | Build | Farm |
| 18:16 | Build | Farm |
| 18:17 | Build | Farm |
| 18:18 | Research | Horse Collar |
| 18:40 | Build | Farm |
| 18:49 | Build | Market |
| 18:55 | Build | House |
| 18:56 | Build | House |
| 19:07 | Build | Farm |
| 19:09 | Create | Villager (Male) |
| 19:10 | Create | Villager (Male) |
| 19:40 | Research | Wheelbarrow |
| 19:54 | Create | Villager (Male) |
| 20:08 | Build | Farm |
| 20:16 | Build | Farm |
| 20:16 | Build | Farm |
| 20:17 | Build | Farm |
| 20:17 | Build | Farm |
| 20:33 | Build | Stone Wall |
| 20:46 | Create | Villager (Male) |
| 21:14 | Build | Farm |
| 21:48 | Research | Castle Age |
| 21:52 | Create | Scout Cavalry |
| 21:52 | Create | Scout Cavalry |
| 21:54 | Create | Skirmisher |
| 21:54 | Create | Skirmisher |
| 21:54 | Create | Skirmisher |
| 23:15 | Build | Mining Camp |
| 23:21 | Research | Fletching |
| 23:23 | Create | Skirmisher |
| 23:23 | Create | Skirmisher |
| 23:23 | Create | Skirmisher |
| 23:23 | Create | Skirmisher |
| 23:32 | Build | Barracks |
| 23:34 | Build | Archery Range |
| 23:40 | Build | House |
| 23:56 | Create | Skirmisher |
| 23:56 | Create | Skirmisher |
| 24:22 | Create | Skirmisher |
| 24:22 | Create | Skirmisher |
| 24:28 | Age | Castle Age |
| 24:51 | Build | Watch Tower |
| 25:11 | Create | Knight |
| 25:11 | Create | Knight |
| 25:32 | Build | Lumber Camp |
| 25:48 | Create | Skirmisher |
| 25:48 | Create | Skirmisher |
| 25:48 | Create | Skirmisher |
| 25:48 | Create | Skirmisher |
| 25:58 | Research | Padded Archer Armor |
| 25:59 | Create | Skirmisher |
| 26:00 | Create | Skirmisher |
| 26:31 | Create | Skirmisher |
| 26:31 | Create | Skirmisher |
| 26:49 | Create | Skirmisher |
| 26:49 | Create | Skirmisher |
| 27:55 | Build | Farm |
| 27:56 | Create | Villager (Male) |
| 27:56 | Create | Villager (Male) |
| 28:40 | Build | Mining Camp |
| 28:55 | Create | Villager (Male) |
| 28:55 | Create | Villager (Male) |
| 28:56 | Create | Villager (Male) |
| 29:22 | Create | Skirmisher |
Build order — C4jk
First 150 of 401 actions detected
| 0:00 | Create | Villager (Male) |
| 0:01 | Create | Villager (Male) |
| 0:02 | Build | House |
| 0:03 | Build | House |
| 0:07 | Create | Villager (Male) |
| 0:07 | Create | Villager (Male) |
| 1:41 | Create | Villager (Male) |
| 1:49 | Build | Lumber Camp |
| 2:01 | Create | Villager (Male) |
| 2:32 | Create | Villager (Male) |
| 3:03 | Create | Villager (Male) |
| 3:05 | Create | Villager (Male) |
| 3:50 | Create | Villager (Male) |
| 3:51 | Create | Villager (Male) |
| 3:58 | Build | House |
| 4:41 | Research | Loom |
| 4:46 | Create | Villager (Male) |
| 4:46 | Create | Villager (Male) |
| 4:47 | Create | Villager (Male) |
| 4:50 | Create | Villager (Male) |
| 5:24 | Create | Villager (Male) |
| 5:53 | Create | Villager (Male) |
| 6:00 | Build | House |
| 6:07 | Create | Villager (Male) |
| 6:32 | Build | Mill |
| 7:06 | Research | Loom |
| 7:19 | Research | Feudal Age |
| 8:15 | Build | Barracks |
| 8:28 | Build | Palisade Wall |
| 8:39 | Create | Villager (Male) |
| 9:01 | Create | Militia |
| 9:01 | Create | Militia |
| 9:13 | Build | Mining Camp |
| 9:40 | Create | Villager (Male) |
| 9:41 | Age | Feudal Age |
| 9:52 | Create | Villager (Male) |
| 9:59 | Build | Palisade Wall |
| 10:05 | Create | Militia |
| 10:06 | Research | Man-at-Arms (upgrade) |
| 10:12 | Create | Villager (Male) |
| 10:17 | Research | Double-Bit Axe |
| 10:28 | Build | Archery Range |
| 10:32 | Create | Villager (Male) |
| 10:32 | Create | Villager (Male) |
| 10:35 | Build | House |
| 10:57 | Create | Villager (Male) |
| 11:01 | Research | Double-Bit Axe |
| 11:06 | Build | House |
| 11:38 | Create | Spearman |
| 11:43 | Create | Archer |
| 11:43 | Create | Archer |
| 12:05 | Build | Palisade Wall |
| 12:10 | Build | Palisade Wall |
| 12:18 | Create | Archer |
| 12:18 | Create | Archer |
| 12:25 | Create | Spearman |
| 12:32 | Create | Archer |
| 12:43 | Build | House |
| 12:58 | Build | Palisade Wall |
| 13:04 | Create | Villager (Male) |
| 13:05 | Create | Villager (Male) |
| 13:38 | Create | Archer |
| 13:38 | Create | Archer |
| 13:46 | Build | Palisade Wall |
| 13:55 | Create | Villager (Male) |
| 13:55 | Create | Villager (Male) |
| 14:04 | Build | Farm |
| 14:04 | Build | Farm |
| 14:05 | Build | Farm |
| 14:05 | Build | Farm |
| 14:05 | Build | Farm |
| 14:29 | Build | Farm |
| 14:31 | Build | Farm |
| 14:50 | Create | Archer |
| 15:10 | Create | Archer |
| 15:22 | Build | House |
| 15:23 | Build | House |
| 15:35 | Build | Palisade Wall |
| 15:41 | Create | Villager (Male) |
| 15:42 | Create | Villager (Male) |
| 15:43 | Create | Archer |
| 16:04 | Build | Farm |
| 16:04 | Build | Farm |
| 16:04 | Build | Farm |
| 16:05 | Build | Farm |
| 16:16 | Build | Palisade Wall |
| 16:18 | Build | Palisade Wall |
| 16:24 | Build | House |
| 16:31 | Create | Villager (Male) |
| 16:31 | Create | Villager (Male) |
| 16:32 | Create | Archer |
| 16:32 | Create | Archer |
| 16:44 | Create | Villager (Male) |
| 16:51 | Create | Archer |
| 17:03 | Build | Blacksmith |
| 18:19 | Research | Castle Age |
| 18:29 | Build | Archery Range |
| 18:39 | Build | Farm |
| 18:39 | Build | Farm |
| 18:40 | Build | Farm |
| 18:54 | Research | Fletching |
| 19:11 | Create | Archer |
| 19:29 | Build | House |
| 19:30 | Build | House |
| 19:37 | Research | Padded Archer Armor |
| 19:41 | Create | Archer |
| 19:50 | Research | Gold Mining |
| 19:58 | Research | Horse Collar |
| 20:02 | Create | Archer |
| 20:12 | Build | Gate |
| 20:20 | Create | Villager (Male) |
| 20:40 | Create | Villager (Male) |
| 20:40 | Create | Villager (Male) |
| 20:58 | Build | Farm |
| 20:58 | Build | Farm |
| 20:59 | Age | Castle Age |
| 20:59 | Build | Farm |
| 21:03 | Research | Crossbowman (upgrade) |
| 21:15 | Build | House |
| 21:33 | Research | Bodkin Arrow |
| 21:38 | Build | House |
| 21:40 | Create | Archer |
| 21:40 | Create | Archer |
| 21:51 | Build | University |
| 21:53 | Create | Villager (Male) |
| 21:53 | Create | Villager (Male) |
| 22:07 | Create | Archer |
| 22:07 | Create | Archer |
| 22:14 | Create | Villager (Male) |
| 22:15 | Create | Villager (Male) |
| 23:14 | Create | Archer |
| 23:14 | Create | Archer |
| 23:14 | Create | Archer |
| 23:14 | Create | Archer |
| 23:28 | Create | Villager (Male) |
| 23:28 | Create | Villager (Male) |
| 23:29 | Create | Villager (Male) |
| 23:34 | Build | Town Center |
| 24:27 | Research | Leather Archer Armor |
| 24:58 | Create | Archer |
| 24:58 | Create | Archer |
| 24:59 | Create | Archer |
| 25:51 | Create | Villager (Male) |
| 25:51 | Create | Villager (Male) |
| 25:51 | Create | Villager (Male) |
| 25:54 | Create | Villager (Male) |
| 25:54 | Create | Villager (Male) |
| 25:55 | Create | Villager (Male) |
| 25:55 | Create | Villager (Male) |
| 25:58 | Build | House |
Build order — ThePiper
First 150 of 467 actions detected
| 0:00 | Create | Villager (Male) |
| 0:01 | Create | Villager (Male) |
| 0:02 | Build | House |
| 0:04 | Build | House |
| 0:11 | Create | Villager (Male) |
| 0:22 | Create | Villager (Male) |
| 1:21 | Create | Villager (Male) |
| 1:48 | Create | Villager (Male) |
| 1:57 | Build | Lumber Camp |
| 2:08 | Create | Villager (Male) |
| 2:38 | Create | Villager (Male) |
| 3:14 | Create | Villager (Male) |
| 3:34 | Build | House |
| 4:05 | Create | Villager (Male) |
| 4:05 | Create | Villager (Male) |
| 4:11 | Build | Mill |
| 4:45 | Create | Villager (Male) |
| 5:01 | Create | Villager (Male) |
| 5:21 | Create | Villager (Male) |
| 5:41 | Research | Loom |
| 6:37 | Research | Feudal Age |
| 7:51 | Build | Barracks |
| 8:21 | Build | Mining Camp |
| 8:31 | Create | Villager (Male) |
| 8:32 | Create | Villager (Male) |
| 8:46 | Build | House |
| 8:47 | Age | Feudal Age |
| 9:09 | Create | Villager (Male) |
| 9:15 | Build | Archery Range |
| 9:51 | Create | Spearman |
| 9:52 | Create | Villager (Male) |
| 9:57 | Create | Villager (Male) |
| 10:14 | Research | Town Watch |
| 10:17 | Create | Villager (Male) |
| 10:19 | Build | Farm |
| 10:20 | Create | Villager (Male) |
| 10:22 | Create | Archer |
| 10:22 | Create | Archer |
| 10:26 | Build | Archery Range |
| 10:32 | Build | House |
| 10:47 | Create | Villager (Male) |
| 11:01 | Create | Archer |
| 11:08 | Build | Farm |
| 11:08 | Build | Farm |
| 11:09 | Build | Farm |
| 11:09 | Build | Farm |
| 11:47 | Build | Lumber Camp |
| 11:58 | Create | Villager (Male) |
| 12:05 | Create | Archer |
| 12:05 | Create | Archer |
| 12:15 | Build | House |
| 13:09 | Create | Archer |
| 13:09 | Create | Archer |
| 13:10 | Create | Villager (Male) |
| 13:16 | Build | House |
| 13:26 | Research | Town Watch |
| 13:30 | Build | Farm |
| 13:32 | Build | Farm |
| 13:36 | Build | Farm |
| 13:39 | Build | Farm |
| 13:45 | Create | Villager (Male) |
| 13:45 | Create | Villager (Male) |
| 13:51 | Create | Archer |
| 13:52 | Create | Archer |
| 14:27 | Build | House |
| 14:29 | Create | Archer |
| 14:29 | Create | Archer |
| 14:30 | Create | Villager (Male) |
| 14:59 | Create | Villager (Male) |
| 15:13 | Build | Blacksmith |
| 15:28 | Create | Villager (Male) |
| 16:01 | Research | Fletching |
| 16:02 | Create | Villager (Male) |
| 16:02 | Create | Villager (Male) |
| 16:02 | Create | Villager (Male) |
| 16:15 | Create | Villager (Male) |
| 16:36 | Create | Villager (Male) |
| 16:38 | Create | Archer |
| 16:38 | Create | Archer |
| 16:39 | Create | Villager (Male) |
| 16:45 | Build | House |
| 16:47 | Build | House |
| 16:49 | Build | House |
| 17:14 | Create | Villager (Male) |
| 17:28 | Create | Villager (Male) |
| 17:29 | Research | Wheelbarrow |
| 17:36 | Build | Farm |
| 17:36 | Build | Farm |
| 17:37 | Build | Farm |
| 17:37 | Build | Farm |
| 18:30 | Create | Villager (Male) |
| 18:49 | Create | Villager (Male) |
| 18:49 | Create | Villager (Male) |
| 18:56 | Build | Farm |
| 18:56 | Build | Farm |
| 18:56 | Build | Farm |
| 18:56 | Build | Farm |
| 18:57 | Build | Farm |
| 19:03 | Build | Palisade Gate |
| 19:08 | Create | Villager (Male) |
| 20:10 | Create | Villager (Male) |
| 20:15 | Build | Farm |
| 20:15 | Build | Farm |
| 20:16 | Build | Farm |
| 20:16 | Build | Farm |
| 20:16 | Build | Farm |
| 20:17 | Build | Farm |
| 20:37 | Research | Castle Age |
| 22:48 | Research | Gold Mining |
| 23:17 | Age | Castle Age |
| 23:18 | Create | Archer |
| 23:18 | Create | Archer |
| 23:18 | Create | Archer |
| 23:21 | Research | Crossbowman (upgrade) |
| 23:23 | Research | Bodkin Arrow |
| 23:29 | Build | Town Center |
| 23:33 | Build | Town Center |
| 23:55 | Create | Archer |
| 23:59 | Research | Double-Bit Axe |
| 24:06 | Research | Horse Collar |
| 24:14 | Create | Villager (Male) |
| 24:14 | Create | Villager (Male) |
| 24:26 | Create | Villager (Male) |
| 24:39 | Create | Archer |
| 24:39 | Create | Archer |
| 24:40 | Create | Villager (Male) |
| 24:49 | Build | University |
| 24:51 | Create | Villager (Male) |
| 24:54 | Build | House |
| 24:56 | Build | House |
| 25:24 | Create | Archer ×5 |
| 25:25 | Create | Archer ×5 |
| 25:28 | Create | Villager (Male) |
| 25:28 | Create | Villager (Male) |
| 25:28 | Create | Villager (Male) |
| 25:28 | Create | Villager (Male) |
| 25:29 | Create | Villager (Male) |
| 25:44 | Create | Villager (Male) |
| 25:48 | Build | House |
| 25:51 | Build | House |
| 25:54 | Create | Archer |
| 25:54 | Create | Archer |
| 25:55 | Create | Archer |
| 26:12 | Research | Bow Saw |
| 26:20 | Build | House |
| 26:22 | Build | House |
| 26:24 | Build | House |
| 26:25 | Build | House |
| 26:38 | Create | Villager (Male) |
| 26:39 | Create | Villager (Male) |
Build order — [FPMD]-TheShimanski
First 150 of 414 actions detected
| 0:01 | Create | Villager (Male) |
| 0:02 | Build | House |
| 0:03 | Build | House |
| 0:18 | Create | Villager (Male) |
| 0:35 | Create | Villager (Male) |
| 0:36 | Create | Villager (Male) |
| 0:36 | Create | Villager (Male) |
| 1:05 | Create | Villager (Male) |
| 1:05 | Create | Villager (Male) |
| 1:46 | Create | Villager (Male) |
| 1:50 | Create | Villager (Male) |
| 2:09 | Build | Lumber Camp |
| 2:30 | Create | Villager (Male) |
| 2:55 | Create | Villager (Male) |
| 2:55 | Create | Villager (Male) |
| 3:02 | Create | Villager (Male) |
| 3:25 | Build | House |
| 3:46 | Create | Villager (Male) |
| 4:15 | Create | Villager (Male) |
| 4:17 | Create | Villager (Male) |
| 4:21 | Build | Mill |
| 5:18 | Create | Villager (Male) |
| 5:18 | Create | Villager (Male) |
| 5:40 | Create | Villager (Male) |
| 6:25 | Create | Villager (Male) |
| 6:45 | Research | Loom |
| 7:12 | Research | Feudal Age |
| 8:17 | Build | House |
| 8:32 | Build | House |
| 8:45 | Build | Mining Camp |
| 9:25 | Age | Feudal Age |
| 9:32 | Build | House |
| 9:33 | Create | Villager (Male) |
| 9:33 | Create | Villager (Male) |
| 10:19 | Build | Blacksmith |
| 10:22 | Create | Villager (Male) |
| 10:36 | Create | Villager (Male) |
| 11:00 | Create | Villager (Male) |
| 11:11 | Build | Market |
| 11:20 | Build | Farm |
| 11:24 | Create | Villager (Male) |
| 11:44 | Build | Farm |
| 12:07 | Build | Farm |
| 12:18 | Research | Castle Age |
| 12:24 | Build | House |
| 12:48 | Build | Farm |
| 12:59 | Build | Farm |
| 13:06 | Research | Double-Bit Axe |
| 13:06 | Research | Horse Collar |
| 13:27 | Build | Farm |
| 13:29 | Build | Farm |
| 13:37 | Build | Farm |
| 14:10 | Build | Farm |
| 14:13 | Build | Farm |
| 14:58 | Age | Castle Age |
| 15:14 | Build | Town Center |
| 15:22 | Create | Villager (Male) |
| 15:22 | Create | Villager (Male) |
| 16:04 | Create | Villager (Male) |
| 16:14 | Build | Barracks |
| 16:21 | Create | Villager (Male) |
| 16:36 | Create | Villager (Male) |
| 16:37 | Create | Villager (Male) |
| 16:41 | Create | Villager (Male) |
| 16:45 | Create | Villager (Male) |
| 17:10 | Build | Stable |
| 17:14 | Build | House |
| 17:26 | Build | House |
| 17:55 | Create | Spearman |
| 17:55 | Create | Spearman |
| 18:06 | Create | Villager (Male) |
| 18:06 | Create | Villager (Male) |
| 18:33 | Create | Villager (Male) |
| 18:33 | Create | Villager (Male) |
| 18:33 | Create | Villager (Male) |
| 18:46 | Build | Stable |
| 18:51 | Build | House |
| 18:54 | Build | Palisade Gate |
| 19:35 | Create | Villager (Male) |
| 19:36 | Create | Villager (Male) |
| 19:36 | Create | Villager (Male) |
| 20:01 | Create | Villager (Male) |
| 20:01 | Create | Villager (Male) |
| 20:01 | Create | Villager (Male) |
| 20:26 | Build | Farm |
| 20:26 | Build | Farm |
| 20:30 | Build | Siege Workshop |
| 20:37 | Build | Town Center |
| 20:43 | Build | Farm |
| 20:45 | Build | Farm |
| 20:46 | Create | Villager (Male) |
| 20:46 | Create | Villager (Male) |
| 20:46 | Create | Villager (Male) |
| 20:49 | Build | Farm |
| 20:56 | Create | Scorpion |
| 21:36 | Create | Villager (Male) |
| 21:36 | Create | Villager (Male) |
| 21:36 | Create | Villager (Male) |
| 21:51 | Create | Villager (Male) |
| 21:51 | Create | Villager (Male) |
| 22:08 | Build | Farm |
| 22:13 | Create | Villager (Male) |
| 22:13 | Create | Villager (Male) |
| 22:22 | Create | Villager (Male) |
| 22:22 | Create | Villager (Male) |
| 22:31 | Build | Farm |
| 22:31 | Build | Farm |
| 22:31 | Build | Farm |
| 22:39 | Create | Scorpion |
| 22:42 | Build | Farm |
| 22:43 | Create | Villager (Male) |
| 22:43 | Create | Villager (Male) |
| 22:55 | Build | Farm |
| 22:56 | Create | Villager (Male) |
| 22:56 | Create | Villager (Male) |
| 23:00 | Build | Farm |
| 23:15 | Build | Farm |
| 23:23 | Build | Farm |
| 23:31 | Create | Villager (Male) |
| 23:32 | Create | Villager (Male) |
| 23:32 | Create | Villager (Male) |
| 23:32 | Create | Villager (Male) |
| 23:33 | Create | Villager (Male) |
| 23:53 | Create | Villager (Male) |
| 23:54 | Create | Villager (Male) |
| 24:05 | Build | Farm |
| 24:07 | Build | House |
| 24:08 | Build | House |
| 24:14 | Research | Town Watch |
| 24:17 | Research | Wheelbarrow |
| 24:45 | Create | Villager (Male) |
| 24:45 | Create | Villager (Male) |
| 24:46 | Create | Villager (Male) ×5 |
| 25:07 | Build | House |
| 25:09 | Build | House |
| 25:11 | Build | House |
| 25:19 | Build | Town Center |
| 25:21 | Build | Farm |
| 25:39 | Create | Villager (Male) ×5 |
| 25:49 | Build | Farm |
| 26:00 | Create | Villager (Male) |
| 26:04 | Create | Scout Cavalry |
| 26:06 | Create | Villager (Male) |
| 26:09 | Build | Farm |
| 26:11 | Build | Farm |
| 26:36 | Build | Farm |
| 26:36 | Create | Villager (Male) |
| 26:37 | Create | Villager (Male) |
| 26:37 | Create | Villager (Male) |
| 26:41 | Build | House |
Build order — Hinbin
First 150 of 283 actions detected
| 0:01 | Create | Villager (Male) |
| 0:01 | Create | Villager (Male) |
| 0:01 | Create | Villager (Male) |
| 0:02 | Create | Villager (Male) |
| 0:03 | Build | House |
| 0:05 | Build | House |
| 1:46 | Build | Lumber Camp |
| 2:20 | Create | Villager (Male) |
| 2:20 | Create | Villager (Male) |
| 2:20 | Create | Villager (Male) |
| 2:21 | Create | Villager (Male) |
| 3:09 | Create | Villager (Male) |
| 4:03 | Build | House |
| 4:19 | Create | Villager (Male) |
| 4:19 | Create | Villager (Male) |
| 4:36 | Build | Mill |
| 5:14 | Create | Villager (Male) |
| 5:39 | Create | Villager (Male) |
| 6:01 | Create | Villager (Male) |
| 6:01 | Create | Villager (Male) |
| 6:57 | Research | Loom |
| 7:39 | Research | Feudal Age |
| 8:51 | Build | Barracks |
| 9:00 | Build | House |
| 9:49 | Age | Feudal Age |
| 9:57 | Create | Villager (Male) |
| 9:57 | Create | Villager (Male) |
| 10:03 | Build | Stable |
| 10:12 | Research | Double-Bit Axe |
| 10:22 | Create | Villager (Male) |
| 10:56 | Research | Horse Collar |
| 11:03 | Create | Scout Cavalry |
| 11:03 | Create | Scout Cavalry |
| 11:22 | Build | Farm |
| 11:25 | Build | Farm |
| 11:32 | Build | Farm |
| 11:44 | Create | Villager (Male) |
| 11:44 | Create | Villager (Male) |
| 11:50 | Build | Farm |
| 11:52 | Build | Farm |
| 11:56 | Create | Villager (Male) |
| 11:59 | Create | Scout Cavalry |
| 12:04 | Build | House |
| 12:24 | Build | Farm |
| 12:46 | Create | Villager (Male) |
| 12:50 | Build | Farm |
| 12:52 | Build | Farm |
| 13:00 | Create | Scout Cavalry |
| 13:12 | Build | Farm |
| 13:35 | Build | House |
| 13:53 | Build | Blacksmith |
| 14:16 | Create | Villager (Male) |
| 14:17 | Create | Villager (Male) |
| 14:18 | Create | Villager (Male) |
| 14:18 | Create | Villager (Male) |
| 14:38 | Research | Forging |
| 14:41 | Build | House |
| 14:51 | Build | Mining Camp |
| 16:01 | Create | Villager (Male) |
| 16:01 | Create | Villager (Male) |
| 16:02 | Create | Villager (Male) |
| 16:33 | Create | Villager (Male) |
| 16:49 | Research | Scale Barding Armor |
| 18:13 | Create | Villager (Male) |
| 18:13 | Create | Villager (Male) |
| 18:13 | Create | Villager (Male) |
| 18:13 | Create | Villager (Male) |
| 18:29 | Build | Farm |
| 18:29 | Build | Farm |
| 18:29 | Build | Farm |
| 18:30 | Build | Farm |
| 18:34 | Build | Farm |
| 18:35 | Build | Farm |
| 18:35 | Build | Farm |
| 19:13 | Build | House |
| 19:15 | Build | House |
| 19:16 | Build | House |
| 20:15 | Research | Castle Age |
| 21:56 | Create | Villager (Male) |
| 21:56 | Create | Villager (Male) |
| 22:56 | Age | Castle Age |
| 22:59 | Build | Town Center |
| 23:18 | Build | Town Center |
| 23:27 | Build | House |
| 23:31 | Research | Pikeman (upgrade) |
| 23:31 | Research | Squires |
| 23:40 | Build | Monastery |
| 23:47 | Research | Chain Barding Armor |
| 23:48 | Research | Iron Casting |
| 23:53 | Create | Villager (Male) |
| 23:53 | Create | Villager (Male) |
| 23:54 | Create | Villager (Male) |
| 23:54 | Create | Villager (Male) |
| 23:59 | Research | Wheelbarrow |
| 23:59 | Create | Villager (Male) |
| 23:59 | Create | Villager (Male) |
| 23:59 | Create | Villager (Male) |
| 24:09 | Research | Bloodlines |
| 24:35 | Research | Bow Saw |
| 24:40 | Build | House |
| 24:41 | Build | House |
| 24:51 | Create | Villager (Male) ×4 |
| 24:58 | Create | Monk |
| 24:59 | Create | Monk |
| 24:59 | Create | Monk |
| 25:36 | Research | Husbandry |
| 25:56 | Create | Villager (Male) ×5 |
| 26:04 | Build | Farm |
| 26:26 | Build | Farm |
| 26:39 | Create | Knight ×4 |
| 26:50 | Create | Villager (Male) |
| 27:00 | Build | Farm |
| 27:02 | Build | Farm |
| 27:07 | Create | Villager (Male) ×2 |
| 27:15 | Build | Farm |
| 27:23 | Create | Villager (Male) ×2 |
| 27:28 | Build | Farm |
| 27:48 | Create | Villager (Male) ×2 |
| 27:52 | Build | Farm |
| 27:56 | Build | Farm |
| 28:02 | Build | Farm |
| 28:06 | Create | Knight ×3 |
| 28:14 | Create | Villager (Male) |
| 28:18 | Build | Farm |
| 28:22 | Build | Farm |
| 28:44 | Build | Stone Wall |
| 28:53 | Build | Stone Wall |
| 29:10 | Build | Stable |
| 29:11 | Create | Villager (Male) ×5 |
| 29:14 | Create | Villager (Male) ×5 |
| 29:22 | Build | Farm |
| 29:23 | Build | Farm |
| 29:28 | Build | Farm |
| 29:29 | Build | Farm |
| 29:29 | Build | Farm |
| 29:47 | Build | Farm |
| 30:06 | Create | Villager (Male) ×5 |
| 30:19 | Create | Knight ×5 |
| 30:31 | Build | Stable |
| 30:35 | Build | House |
| 30:36 | Build | House |
| 30:37 | Build | House |
| 30:38 | Build | House |
| 30:38 | Build | House |
| 31:08 | Build | House |
| 31:09 | Build | House |
| 31:10 | Build | House |
| 31:11 | Build | House |
| 31:20 | Build | Stone Wall |
| 31:30 | Build | Stone Wall |
Match timeline
| 6:18 | DaveLister · wall_segment Palisade Wall x9 |
| 7:51 | ThePiper · first_building Barracks |
| 7:55 | DaveLister · wall_segment Palisade Wall x14 |
| 8:15 | C4jk · first_building Barracks |
| 8:22 | For Ged's eyes only · first_building Barracks |
| 8:28 | C4jk · wall_segment Palisade Wall x6 |
| 8:47 | ThePiper · age_up feudal |
| 8:51 | Hinbin · first_building Barracks |
| 8:51 | For Ged's eyes only · age_up feudal |
| 9:15 | ThePiper · first_building Archery Range |
| 9:24 | For Ged's eyes only · first_building Stable |
| 9:25 | [FPMD]-TheShimanski · age_up feudal |
| 9:41 | C4jk · age_up feudal |
| 9:49 | Hinbin · age_up feudal |
| 9:59 | C4jk · wall_segment Palisade Wall x6 |
| 10:03 | Hinbin · first_building Stable |
| 10:28 | C4jk · first_building Archery Range |
| 11:03 | DaveLister · first_building Barracks |
| 11:14 | DaveLister · wall_segment Palisade Wall x10 |
| 11:32 | DaveLister · wall_segment Palisade Wall x5 |
| 11:56 | DaveLister · age_up feudal |
| 11:58 | For Ged's eyes only · first_building Archery Range |
| 11:59 | DaveLister · wall_segment Palisade Wall x1 |
| 12:05 | C4jk · wall_segment Palisade Wall x1 |
| 12:10 | C4jk · wall_segment Palisade Wall x16 |
| 12:58 | C4jk · wall_segment Palisade Wall x9 |
| 13:46 | C4jk · wall_segment Palisade Wall x5 |
| 14:44 | DaveLister · wall_segment Palisade Wall x1 |
| 14:58 | [FPMD]-TheShimanski · age_up castle |
| 14:58 | DaveLister · first_building Archery Range |
| 15:35 | C4jk · wall_segment Palisade Wall x9 |
| 16:14 | [FPMD]-TheShimanski · first_building Barracks |
| 16:16 | C4jk · wall_segment Palisade Wall x5 |
| 16:18 | C4jk · wall_segment Palisade Wall x1 |
| 17:10 | [FPMD]-TheShimanski · first_building Stable |
| 17:40 | DaveLister · wall_segment Palisade Wall x1 |
| 19:04 | DaveLister · age_up castle |
| 20:03 | DaveLister · first_building Stable |
| 20:30 | [FPMD]-TheShimanski · first_building Siege Workshop |
| 20:33 | For Ged's eyes only · wall_segment Stone Wall x17 |
| 20:54 | For Ged's eyes only · first_market_sell 100 stone |
| 20:56 | For Ged's eyes only · first_market_buy 100 food |
| 20:59 | C4jk · age_up castle |
| 21:10 | DaveLister · first_building Castle |
| 22:56 | Hinbin · age_up castle |
| 23:17 | ThePiper · age_up castle |
| 23:40 | Hinbin · first_building Monastery |
| 24:28 | For Ged's eyes only · age_up castle |
| 25:00 | [FPMD]-TheShimanski · first_market_buy 100 stone |
| 27:53 | [FPMD]-TheShimanski · first_building Monastery |
| 28:44 | Hinbin · wall_segment Stone Wall x8 |
| 28:53 | Hinbin · wall_segment Stone Wall x7 |
| 30:05 | For Ged's eyes only · first_building Siege Workshop |
| 30:18 | C4jk · first_market_buy 100 stone |
| 30:26 | C4jk · first_building Castle |
| 30:39 | For Ged's eyes only · wall_segment Stone Wall x7 |
| 31:05 | [FPMD]-TheShimanski · first_building Castle |
| 31:20 | Hinbin · wall_segment Stone Wall x19 |
| 31:30 | Hinbin · wall_segment Stone Wall x40 |
| 31:48 | Hinbin · wall_segment Stone Wall x3 |
| 31:53 | Hinbin · wall_segment Stone Wall x1 |
| 33:59 | C4jk · first_market_sell 100 food |
| 34:47 | Hinbin · wall_segment Stone Wall x10 |
| 35:23 | Hinbin · wall_segment Stone Wall x25 |
| 35:41 | ThePiper · first_building Monastery |
| 36:05 | Hinbin · wall_segment Stone Wall x11 |
| 36:19 | DaveLister · first_building Monastery |
| 36:42 | [FPMD]-TheShimanski · age_up imperial |
| 36:52 | Hinbin · age_up imperial |
| 37:02 | C4jk · age_up imperial |
| 38:34 | Hinbin · wall_segment Stone Wall x5 |
| 38:52 | Hinbin · first_building Castle |
| 39:07 | ThePiper · age_up imperial |
| 40:17 | For Ged's eyes only · first_building Castle |
| 41:42 | For Ged's eyes only · wall_segment Stone Wall x1 |
| 42:56 | DaveLister · first_building Siege Workshop |
| 43:15 | ThePiper · first_building Castle |
| 43:47 | Hinbin · wall_segment Stone Wall x14 |
| 45:36 | DaveLister · age_up imperial |
| 45:55 | For Ged's eyes only · wall_segment Stone Wall x1 |
| 45:57 | For Ged's eyes only · wall_segment Stone Wall x2 |
| 46:02 | For Ged's eyes only · wall_segment Stone Wall x8 |
| 47:05 | ThePiper · first_market_sell 100 food |
| 48:01 | DaveLister · first_market_sell 100 food |
| 48:06 | DaveLister · first_market_buy 100 wood |
| 48:42 | C4jk · first_building Monastery |
| 51:18 | For Ged's eyes only · wall_segment Stone Wall x9 |
| 53:28 | [FPMD]-TheShimanski · tribute_sent a jugador 1 |
| 53:28 | [FPMD]-TheShimanski · tribute_sent a jugador 2 |
| 53:28 | [FPMD]-TheShimanski · tribute_sent a jugador 3 |
| 53:28 | [FPMD]-TheShimanski · tribute_sent a jugador 5 |
| 53:28 | [FPMD]-TheShimanski · tribute_sent a jugador 6 |
| 56:38 | Hinbin · first_building Siege Workshop |
| 57:47 | ThePiper · resign |
[ AI ANALYSIS · 1 CREDIT ]
What really happened in this match?
Wolo.gg analyzes every decision: build order, eco, micro, common mistakes by bracket. Personalized analysis on WhatsApp or Discord in 30 seconds.
Civ guide
Khmer
Perfil
Jugador #4206514